 Dungeon Crawl Stone Soup version 0.31-a0-819-gf6de2f5ab6 (webtiles) character file.

Game seed: 7772066728747467521

169837 Kurtz the Impaler (level 17, -1/190 HPs)
             Began as an Octopode Fighter on Sept 24, 2023.
             Was an Initiate of Gozag.
             Killed from afar by an eleionoma (45 damage)
             ... with a spray of wooden splinters
             ... on level 1 of the Swamp.
             The game lasted 01:23:43 (33965 turns).

Kurtz the Impaler (Octopode Fighter)               Turns: 33965, Time: 01:23:44

Health: -1/190     AC:  3    Str: 23    XL:     17   Next: 98%
Magic:  23/23      EV: 28    Int: 11    God:    Gozag
Gold:   1102       SH:  0    Dex: 23    Spells: 21/25 levels left

rFire   + + .        F - +13 scythe of Curses {drain, curses, Drain}
rCold   + . .        (shield currently unavailable)
rNeg    + + +        Z - +2 hat
rPois   .            N - amulet of the Four Winds {rN+ Will+++ Clar}
rElec   .            i - +6 ring of dexterity
rCorr   +            n - +5 ring of evasion
SInv    .            y - ring of protection from fire
Will    +++++        P - ring of positive energy Stlth
                     R - ring of Qyhefy {Drain Fly rN+++ rCorr Str+6}
HPRegen 0.51/turn    Y - ring of protection from fire
MPRegen 0.18/turn    U - ring of protection from cold
                     (no ring)

%: clarity
@: berserking, gold aura, enlightened, flying, hasted, very quick
A: almost no armour, amphibious, 8 rings, camouflage 1, gelatinous body 1,
(nimble swimmer 1), tentacles
a: Renounce Religion, Potion Petition, Call Merchant, Bribe Branch


You were on level 1 of the Swamp.
You worshipped Gozag.
Gozag was most pleased with you.
You visited 5 branches of the dungeon, and saw 24 of its levels.
You also visited: Bailey and Ice Cave.

You collected 9035 gold pieces.
You spent 2713 gold pieces at shops.
You paid 5220 gold pieces to Gozag.

Inventory:

Hand Weapons
 a - a +0 war axe
 u - a +3 flail
 E - a +0 morningstar of protection
 F - the +13 scythe of Curses (weapon) {drain, curses, Drain}
   (You found it on level 7 of the Dungeon)

   Drain:     It drains your maximum health when unequipped.
 Q - the +11 halberd of a ziggurat {drain, Dex+3}
   (You found it on level 15 of the Dungeon)

   Dex+3:     It affects your dexterity (+3).
 W - a +1 demon trident of freezing
Missiles
 x - a throwing net
 B - 45 poisoned darts (quivered)
 D - 4 javelins
Armour
 b - a +0 buckler
 Z - a +2 hat (worn)
Jewellery
 h - a ring of fire
 i - a +6 ring of dexterity (left tentacle)
 n - a +5 ring of evasion (right tentacle)
 y - a ring of protection from fire (on tentacle)
 G - the amulet "Cunudif" {Reflect rF++ SH+5, please dont mess up}
   (You found it on level 2 of the Lair of Beasts)

   [amulet of reflection]

   Reflect:   It reflects blocked missile attacks.
   rF++:      It greatly protects you from fire.
   SH+5:      It affects your SH (+5).
 N - the amulet of the Four Winds (around mantle) {rN+ Will+++ Clar}
   (You bought it in a shop on level 2 of the Orcish Mines)

   [amulet of nothing]

   rN+:       It protects you from negative energy.
   Will+++:   It greatly increases your willpower.
   Clar:      It protects you from confusion, rage, mesmerisation and fear.
 P - a ring of positive energy (on tentacle)
 R - the ring of Qyhefy (on tentacle) {Drain Fly rN+++ rCorr Str+6}
   (You bought it in a shop on level 2 of the Orcish Mines)

   [ring of strength]

   Str+6:     It affects your strength (+6).
   rN+++:     It renders you almost immune to negative energy.
   Fly:       It grants you flight.
   rCorr:     It protects you from acid and corrosion.
   Drain:     It drains your maximum health when unequipped.
 U - a ring of protection from cold (on tentacle)
 Y - a ring of protection from fire (on tentacle)
Wands
 q - a wand of iceblast (3)
 L - a wand of digging (13)
 O - a wand of flame (21)
 T - a wand of paralysis (4)
 X - a wand of acid (5)
Scrolls
 c - 2 scrolls of amnesia
 d - 2 scrolls of silence
 e - 3 scrolls of poison
 g - 4 scrolls of vulnerability
 j - 7 scrolls of summoning
 l - 5 scrolls of torment
 m - 5 scrolls of enchant weapon
 p - 5 scrolls of fear
 r - a scroll of blinking
 s - a scroll of noise
 t - 4 scrolls of enchant armour
 A - 3 scrolls of immolation
 I - 4 scrolls of teleportation
 J - 13 scrolls of identify
Potions
 f - 7 potions of magic
 k - 3 potions of haste
 o - 6 potions of mutation
 v - 7 potions of curing
 w - 3 potions of resistance
 z - 5 potions of brilliance
 C - 3 potions of cancellation
 H - 2 potions of enlightenment
 K - 6 potions of heal wounds
 M - a potion of ambrosia
 S - 3 potions of lignification
 V - 2 potions of might


   Skills:
 - Level 15.2 Fighting
 - Level 10.2(16.3) Axes
 * Level 20.0(20.8) Polearms
 * Level 11.6 Dodging
 - Level 8.1 Shields
 - Level 4.5 Spellcasting
 - Level 5.0 Translocations


You had 21 spell levels left.
You knew the following spells:

 Your Spells              Type           Power      Damage    Failure   Level
a - Manifold Assault      Tloc           13%        N/A       28%         4

Your spell library contained the following spells:

 Spells                   Type           Power      Damage    Failure   Level
 Blink                    Tloc           26%        N/A       4%          2
 Sandblast                Erth           4%         2d4       22%         1
 Slow                     Hex            8%         N/A       22%         1
 Passwall                 Tmut/Erth      1%         N/A       34%         2
 Scorch                   Fire           4%         2d5       34%         2
 Confusing Touch          Hex            2%         N/A       56%         3
 Sigil of Binding         Hex            2%         N/A       56%         3
 Stone Arrow              Conj/Erth      4%         3d7       56%         3
 Vampiric Draining        Necr           2%         2d6       56%         3
 Brom's Barrelling Bould  Conj/Erth      2%         2d3       92%         4
 Flame Wave               Conj/Fire      2%         2d4       92%         4
 Leda's Liquefaction      Hex/Erth       1%         N/A       92%         4
 Lee's Rapid Deconstruct  Erth           1%         3d4*      99%         5
 Bombard                  Conj/Erth      1%         9d1       100%        6
 Summon Cactus Giant      Summ           1%         N/A       100%        6


Dungeon Overview and Level Annotations

Branches:
Dungeon (15/15)            Temple (1/1) D:5            Lair (5/5) D:10
  Swamp (1/4) Lair:3        Snake (0/4) Lair:3        Slime (0/5) Lair:4
    Orc (2/2) D:12            Elf (0/3) Orc:2        Vaults (0/5) D:14
 Depths (0/4) D:15         Bailey (visited)           IceCv (visited)

Altars:
Ashenzari
Cheibriados
Dithmenos
Elyvilon
Fedhas
Gozag
Hepliaklqana
Kikubaaqudgha
Makhleb
Nemelex Xobeh
Okawaru
Qazlal
Ru
Sif Muna
Trog
Uskayaw
Vehumet
Wu Jian
Xom
Yredelemnul
Zin
The Shining One
Jiyva

Shops:
D:4 *   D:6 (   D:9 [   D:11 !   D:12 :   Orc:2 (!=(   Lair:1 !(

Annotations:
D:2 1 runed translucent door, Crazy Yiuf
D:10 exclusions: 2 downstairs and two-headed ogre
D:12 1 runed translucent door
D:13 exclusion: downstairs
Lair:2 exclusion: 2 oklob plants
Lair:3 2 transporters, exclusions: downstairs, hydra and oklob plant
Lair:4 exclusion: downstairs
Lair:5 2 transporters, Cancer's ghost, journeyman OpSh
Orc:1 2 transporters, Joetevit's ghost, journeyman DsMo


Innate Abilities, Weirdness & Mutations

You cannot wear most types of armour.
You are amphibious.
You can wear up to eight rings at the same time.
Your skin changes colour to match your surroundings (Stealth+).
Your rubbery body absorbs attacks. (AC +1, EV +1)
((You are camouflaged when in or above water. (Stealth+)))
You have tentacles for arms and can constrict up to eight enemies at once.


Message History

* * * LOW HITPOINT WARNING * * *
Unknown command. [a] - 729 gold - lignification, might, resistance and haste [b] - 100 gold - heal wounds [c] - 200 gold - heal wounds and berserk rage Purchase which effect?
You no longer have enough gold to fund merchants seeking to open stores in the dungeon.
You feel much better.
A red film seems to cover your vision as you go berserk!
You feel yourself moving faster!
You feel mighty! The spriggan rider misses you.
You slash the swamp dragon! You drain the swamp dragon.
The swamp dragon convulses with pain!!
You squeeze the swamp dragon!!
The swamp dragon is almost dead.
The swamp dragon is distracted by your dazzling golden aura.
The spriggan rider completely misses you.
Unknown command.
The swamp dragon roars deafeningly!
You skewer the bunyip like a kebab!!!
You kill the bunyip!
You hear a shout!
Your Polearms skill increases to level 20!
You slice the swamp dragon!!
You kill the swamp dragon!
The spriggan rider hits you from afar with a +0 spear!
* * * LOW HITPOINT WARNING * * *
An eleionoma comes into view.
You see here 21 gold pieces.
You slash the spriggan rider! You drain the spriggan rider.
The spriggan rider convulses!
You grab the spriggan rider. You squeeze the spriggan rider!
The spriggan rider is severely wounded.
You constrict the spriggan rider.
The spriggan rider is distracted by your dazzling golden aura.
You carve the spriggan rider like a ham!!!
You kill the spriggan rider!
You kill the hornet!
The eleionoma hurls a spray of splinters at you.
The spray of wooden splinters hits you!!!
You die...
Your body crumbles into a pile of gold.

♣♣..~)♣♣ ♣...~.
♣..~~.♣♣ ♣.~.~
..~~§..♣♣♣.~.♣ ♣♣
♣.~~)~.♣♣.~~.♣♣.♣
♣.~~~~.♣♣.~.~..♣
♣.~.....♣~~.~♣~♣ ♣♣#
♣..♣♣♣..♣~♣.~§~♣♣♣..#
♣♣♣♣
♣.~♣.~.§~§♣♣...#.# #
♣.~..~..~.~@$....#..
♣.~♣..♣♣~..$#####....#
♣♣.♣♣♣♣~....#....# ..#
♣.. ♣♣...R#....# .÷#
♣.~ ♣♣...#....#...#
♣♣.~ ♣♣..=###÷#'.##.
♣♣ ♣♣..°☼..○.....
..♣...i).......
.~....~.D...~...


You could see an eleionoma.

Vanquished Creatures
  Rupert (D:14)
  Frances (Swamp:1)
  Kirke (Lair:3)
  Donald (Swamp:1)
  A frost giant (IceCv)
  A dire elephant (Lair:5)
  A bunyip (Swamp:1)
  An ettin (Orc:1)
  Harold (Lair:2)
  3 catoblepae
  An ice dragon (D:13)
  4 vault guards
  6 hydras
  A ghost crab (Lair:3)
  6 centaur warriors
  5 boulder beetles
  4 two-headed ogres
  16 death yaks
  5 orc high priests
  6 skysharks
  A wizard (D:14)
  2 swamp dragons (Swamp:1)
  11 orc knights
  A lindwurm (Lair:3)
  A deep elf zephyrmancer (D:15)
  3 deep elf pyromancers
  A necromancer (D:15)
  3 orc sorcerers
  5 cyclopes
  5 manticores
  19 ugly things
  A salamander (Lair:3)
  4 elephants (Lair:4)
  Maurice (D:10)
  A naga mage (D:15)
  A water nymph (shapeshifter) (D:14)
  An ice statue (IceCv)
  A centaur skeleton (D:15)
  6 gargoyles
  11 cane toads
  A torpor snail (Lair:5)
  3 unseen horror zombies (D:9)
  8 rime drakes
  An efreet (D:14)
  An unseen horror (D:12)
  2 kobold demonologists
  18 komodo dragons
  Psyche (D:8)
  A freezing wraith (D:14)
  10 trolls
  14 polar bears
  3 hornets
  A raiju (Lair:5)
  19 blink frogs
  A hornet (shapeshifter) (D:15)
  A dream sheep (Lair:5)
  A spectral black mamba (Lair:3)
  2 spectral elephants (Lair:3)
  5 slime creatures
  2 centaur simulacra (D:15)
  2 spriggans (Swamp:1)
  3 shadows
  50 yaks
  5 wyverns
  4 wraiths
  A vampire (D:12)
  8 basilisks
  A water elemental (D:15)
  A fire elemental (D:15)
  3 hogs (Lair:3)
  A steam dragon (D:8)
  24 vampire mosquitoes
  6 wargs (Lair:5)
  2 swamp worms (Swamp:1)
  A spectral cane toad (Lair:3)
  3 acid dragons
  3 nagas (Lair:3)
  11 water moccasins
  14 hell hounds (Lair:5)
  47 orc warriors
  2 sky beasts
  3 swamp drakes
  16 black bears
  An ice beast (D:6)
  5 ogres
  7 centaurs
  30 wolves
  A phantom (D:5)
  A spectral basilisk (Lair:3)
  13 kobold brigands
  3 wyvern zombies (D:9)
  12 bullfrogs
  3 scorpions
  19 wights
  10 killer bees
  A howler monkey (D:9)
  A lava snake (D:15)
  3 centaur zombies (D:9)
  3 hounds
  A jelly (D:5)
  31 orc priests
  2 sleepcaps
  2 gnoll boudas
  Jessica (D:2)
  10 iguanas
  21 orc wizards
  A killer bee zombie (D:9)
  A boggart simulacrum (D:12)
  3 gnolls (D:10)
  7 adders
  An ufetubus (D:5)
  4 worms
  2 dart slugs
  105 orcs
  6 ball pythons
  3 bats
  8 endoplasms
  2 giant cockroaches
  9 goblins
  5 hobgoblins
  5 jackals
  5 quokkas
  2 frilled lizards
  14 kobolds
  10 rats
825 creatures vanquished.

Vanquished Creatures (others)
  2 yaks (D:13)
2 creatures vanquished.

Grand Total: 827 creatures vanquished

Notes
Turn   | Place    | Note
-------+----------+-------------------------------------------
     0 | D:1      | Kurtz the Octopode Fighter began the quest for the Orb.
     0 | D:1      | Reached XP level 1. HP: 16/16 MP: 1/1
    87 | D:1      | Reached XP level 2. HP: 21/21 MP: 2/2
   604 | D:1      | Reached XP level 3. HP: 26/26 MP: 3/3
  1046 | D:2      | Reached XP level 4. HP: 31/31 MP: 4/4
  1066 | D:2      | Noticed Jessica
  1069 | D:2      | Killed Jessica
  1118 | D:2      | Found a faded altar of an unknown god.
  1267 | D:2      | Found a runed translucent door.
  1268 | D:2      | Noticed Crazy Yiuf
  1693 | D:3      | Reached skill level 5 in Axes
  1742 | D:3      | Reached XP level 5. HP: 36/36 MP: 5/5
  2469 | D:4      | Found Juogg's Assorted Antiques.
  3322 | D:3      | Learned a level 4 spell: Manifold Assault
  3420 | D:4      | Reached XP level 6. HP: 38/42 MP: 6/6
  3673 | D:5      | Entered Level 5 of the Dungeon
  3825 | D:5      | Found a staircase to the Ecumenical Temple.
  3845 | Temple   | Entered the Ecumenical Temple
  3878 | Temple   | Became a worshipper of Gozag Ym Sagoz the Greedy
  3907 | D:5      | Reached XP level 7. HP: 37/46 MP: 6/8
  3981 | D:5      | Reached skill level 1 in Spellcasting
  3981 | D:5      | Reached skill level 1 in Translocations
  4814 | D:6      | Reached XP level 8. HP: 54/54 MP: 10/10
  5109 | D:6      | HP: 2/52 [ice beast (10)]
  5238 | D:6      | Found Egaghu's Weapon Shop.
  5372 | D:6      | Bought a +0 morningstar of protection for 88 gold pieces
  5481 | D:6      | Reached XP level 9. HP: 31/59 MP: 12/12
  5861 | D:7      | Found the +13 scythe of Curses {drain, curses, Drain}
  5875 | D:7      | Found a flagged portal.
  5945 | Bailey   | Entered a bailey
  6059 | Bailey   | Noticed an orc knight
  6097 | Bailey   | Reached skill level 5 in Fighting
  6097 | Bailey   | Reached skill level 5 in Dodging
  6115 | Bailey   | Killed an orc knight
  6116 | Bailey   | Reached skill level 10 in Axes
  6181 | Bailey   | Noticed an orc knight
  6181 | Bailey   | Noticed an orc knight
  6209 | Bailey   | Reached XP level 10. HP: 72/72 MP: 15/15
  6248 | Bailey   | Killed an orc knight
  6249 | Bailey   | Reached XP level 11. HP: 19/77 MP: 16/16
  6272 | Bailey   | Killed an orc knight
  6825 | D:7      | Identified the +9 falchion of Distant Worlds {drain, Str+3
                  | Dex+2}
  6871 | D:7      | Found a white marble altar of Elyvilon.
  6915 | D:7      | Reached skill level 1 in Polearms
  7409 | D:8      | Reached skill level 2 in Polearms
  7528 | D:8      | Noticed Psyche
  7534 | D:8      | Killed Psyche
  7535 | D:8      | Reached skill level 3 in Polearms
  7749 | D:9      | Found Ruemuehe's Antique Armour Emporium.
  7850 | D:9      | Reached skill level 4 in Polearms
  7966 | D:9      | Reached skill level 5 in Polearms
  7990 | D:9      | Found a basalt altar of Yredelemnul.
  8151 | D:9      | Identified the +3 ring mail of the Pastamancer {rPois}
  8167 | D:9      | Reached skill level 6 in Polearms
  8686 | D:10     | Entered Level 10 of the Dungeon
  9083 | D:10     | Reached skill level 7 in Polearms
  9204 | D:10     | Noticed Maurice
  9209 | D:10     | Maurice stole 5 javelins
  9210 | D:10     | Maurice stole a +3 flail
  9212 | D:10     | Killed Maurice
  9230 | D:10     | Noticed a two-headed ogre
  9304 | D:10     | Reached skill level 8 in Polearms
  9623 | D:10     | Reached XP level 12. HP: 58/84 MP: 17/17
  9753 | D:10     | Found a staircase to the Lair.
 10083 | D:11     | Noticed a two-headed ogre
 10265 | D:11     | Reached skill level 9 in Polearms
 10674 | D:12     | Noticed a two-headed ogre
 10689 | D:12     | Killed a two-headed ogre
 10747 | D:12     | Reached skill level 10 in Polearms
 10856 | D:11     | Found Wocoewui's Distillery.
 10980 | D:11     | Noticed a boulder beetle
 11300 | D:11     | Bought a potion of lignification for 39 gold pieces
 11300 | D:11     | Bought 2 potions of mutation for 208 gold pieces
 11300 | D:11     | Bought a potion of cancellation for 104 gold pieces
 11300 | D:11     | Bought a potion of brilliance for 52 gold pieces
 11351 | D:11     | Killed a two-headed ogre
 11415 | D:11     | Killed a boulder beetle
 11416 | D:11     | Reached skill level 11 in Polearms
 11669 | D:11     | Noticed a boulder beetle
 11675 | D:11     | Killed a boulder beetle
 11816 | D:12     | Noticed a skyshark
 11817 | D:12     | Found the +2 pair of slick slippers {slick, slippery, EV+4}
 12129 | Lair:1   | Entered Level 1 of the Lair of Beasts
 12321 | Lair:1   | Reached skill level 12 in Polearms
 12783 | Lair:1   | Reached XP level 13. HP: 89/89 MP: 18/18
 12835 | Lair:1   | Reached skill level 13 in Polearms
 13614 | Lair:2   | Noticed Harold
 13657 | Lair:2   | Reached skill level 14 in Polearms
 14153 | Lair:2   | Identified the amulet "Cunudif" {Reflect rF++ SH+5}
 14855 | Lair:3   | Noticed Kirke
 15116 | Lair:3   | Killed Kirke
 15117 | Lair:3   | Reached skill level 15 in Polearms
 15512 | Lair:3   | Found a transporter.
 15513 | Lair:3   | Found the amulet of the Air {Inacc Air Fly rElec RMsl}
 15659 | Lair:3   | Found a staircase to the Swamp.
 15988 | Lair:3   | Found a transporter.
 16084 | Lair:1   | Bought a potion of haste for 180 gold pieces
 16084 | Lair:1   | Bought 2 potions of invisibility for 288 gold pieces
 16204 | Lair:2   | Killed Harold
 16237 | Lair:2   | Reached XP level 14. HP: 65/95 MP: 19/19
 16583 | Lair:3   | Reached skill level 16 in Polearms
 16912 | Lair:3   | Found a staircase to the Snake Pit.
 17316 | Lair:3   | Found a blossoming altar of Fedhas.
 18023 | Lair:4   | Reached skill level 10 in Dodging
 18367 | Lair:4   | Found a viscous altar of Jiyva.
 18368 | Lair:4   | Found a staircase to the Slime Pits.
 18712 | Lair:4   | Reached skill level 17 in Polearms
 19067 | Lair:5   | Entered Level 5 of the Lair of Beasts
 19067 | Lair:5   | Found a transporter.
 19392 | D:12     | Found a runed translucent door.
 19754 | D:12     | Found a staircase to the Orcish Mines.
 19823 | D:12     | Identified the +5 rapier of Faleon {heavy, Dex+2}
 20470 | D:12     | Found Seuh's Tiny Tomes.
 20851 | D:13     | Found a frozen archway.
 20860 | D:13     | Reached skill level 10 in Fighting
 20887 | IceCv    | Entered an ice cave
 20970 | IceCv    | Reached XP level 15. HP: 60/105 MP: 20/20
 21401 | IceCv    | Noticed a frost giant
 21409 | IceCv    | Killed a frost giant
 23134 | D:14     | Noticed Rupert
 23149 | D:14     | Killed Rupert
 24440 | D:14     | Found a gate to the Vaults.
 25057 | D:15     | Entered Level 15 of the Dungeon
 25782 | D:15     | Reached skill level 15 in Fighting
 25869 | D:15     | Identified the +11 halberd of a ziggurat {drain, Dex+3}
 26278 | D:15     | Reached XP level 16. HP: 122/122 MP: 21/21
 26294 | D:15     | Found a staircase to the Depths.
 26600 | Lair:1   | Bought a potion of curing for 54 gold pieces
 26979 | Lair:5   | Noticed Cancer's ghost (journeyman OpSh)
 27005 | Lair:5   | Reached skill level 18 in Polearms
 27495 | Lair:5   | Found a transporter.
 28876 | Orc:1    | Entered Level 1 of the Orcish Mines
 28996 | Orc:1    | Reached skill level 19 in Polearms
 29446 | Orc:2    | Entered Level 2 of the Orcish Mines
 31190 | Orc:1    | Noticed Joetevit's ghost (journeyman DsMo)
 31194 | Orc:1    | Found a transporter.
 31269 | Orc:1    | Found a runed translucent door.
 31295 | Orc:1    | Found a transporter.
 31700 | Orc:2    | Found a staircase to the Elven Halls.
 32667 | Orc:2    | Found Hiapedim's Weapon Shop.
 32667 | Orc:2    | Found Puth's Jewellery Shop.
 32668 | Orc:2    | Found Guoniubb's Distillery.
 32668 | Orc:2    | Found Voiryhin's Weapon Shop.
 32731 | Orc:2    | Bought 2 potions of heal wounds for 170 gold pieces
 32731 | Orc:2    | Bought a potion of heal wounds for 85 gold pieces
 32731 | Orc:2    | Bought a potion of curing for 51 gold pieces
 32734 | Orc:2    | Bought the ring of Qyhefy {Drain Fly rN+++ rCorr Str+6} for
                  | 727 gold pieces
 32747 | Orc:2    | Bought the amulet of the Four Winds {rN+ Will+++ Clar} for
                  | 667 gold pieces
 32747 | Orc:2    | Found the amulet of the Four Winds {rN+ Will+++ Clar}
 32748 | Orc:2    | Reached skill level 5 in Translocations
 32748 | Orc:2    | Reached XP level 17. HP: 127/127 MP: 21/23
 33213 | Swamp:1  | Entered Level 1 of the Swamp
 33414 | Swamp:1  | Noticed Frances
 33427 | Swamp:1  | Killed Frances
 33608 | Swamp:1  | Noticed Donald
 33620 | Swamp:1  | Killed Donald
 33962 | Swamp:1  | Reached skill level 20 in Polearms
 33965 | Swamp:1  | Killed from afar by an eleionoma

Illustrated notes

Levels and vault maps discovered:
D:1:      ncdulo_lavacross, layout_loops_corners
D:2:      layout_rooms, hellmonk_ecumenical_altar_crossroads,
          dreamdust_wishing_well, corexii_corridor_pit, uniq_jessica,
          uniq_crazy_yiuf_cottage
D:3:      layout_basic
D:4:      layout_cave_pods, serial_shops, shop
D:5:      layout_cave_pools, minmay_temple_entry_trees
D:6:      layout_rooms, serial_shops, shop, minmay_misc_feat_roman,
          minmay_increasing_density
D:7:      layout_cave_pools, overflow_temple_1_default, enter_bailey_4
D:8:      layout_rooms, uniq_psyche
D:9:      layout_rooms, nicolae_yredelemnul_corpse_copse, serial_shops, shop,
          minmay_hedge_maze, grunt_ogre_cave
D:10:     layout_stronghold, erik_lair_dragon, uniq_maurice
D:11:     layout_loops_ring, serial_shops, shop_statue
D:12:     layout_stronghold, david_orc_4, nicolae_shop_i_like_small_books_too,
          nicolae_guarded_unrand_slippers
D:13:     layout_loops_ring, portal_ice_cave_entry_animals_and_master
D:14:     layout_rooms, lightli_vaults_fourway_checkpoint, serial_curves,
          eino_curves_03, eino_curves_03, grunt_potential, uniq_rupert
D:15:     grunt_enter_depths_magical_seal, layout_irregular_city,
          nicolae_lava_and_water, grunt_tough_drop
Temple:   nicolae_temple_bog_church
Lair:1:   beast_lair_carwin_large_4, layout_long_grid, pond
Lair:2:   minmay_lair_oklob_chamber, layout_cave_pods, grunt_megastairs_5,
          uniq_harold
Lair:3:   gammafunk_cloud_chamber, layout_regular_city,
          nicolae_swamp_entry_spooky, alex1729_snake_entry_snake, tgw_fedhas,
          uniq_kirke
Lair:4:   layout_loops_ring, slime_entry_1, serial_bayou_pond_a,
          nicolae_lair_yak_garden
Lair:5:   hangedman_lair_caniforms_friends, layout_cave_pods, nzn_ghost_randoct,
          minivault_23, nicolae_lair_grove_arrangements,
          chequers_serial_rivers_room_a
Swamp:1:  layout_falls_marsh, evilmike_swamp_ruin_house_5, uniq_donald,
          uniq_frances, uniq_roxanne
Orc:1:    layout_caves, gammafunk_ghost_smash, special_room
          [special_room_kobold], lightli_church_of_beogh
Orc:2:    st_orc_pillars, layout_caves, special_room, basic_altar,
          minmay_orc_temple_a

Skill      XL: |  1  2  3  4  5  6  7  8  9 10 11 12 13 14 15 16 17 |
---------------+----------------------------------------------------+-----
Axes           | 3 4 5 6 8 9 10 | 10.2
Spellcasting   | 1 2 3 4 |  4.5
Translocations | 1 2 3 4 5 |  5.0
Fighting       | 4 8 10 15 | 15.2
Dodging        | 4 8 9 10 11 | 11.6
Shields        | 7 8 |  8.1
Polearms       | 8 12 15 17 19 20 | 20.0

Action                     |  1- 3 |  4- 6 |  7- 9 | 10-12 | 13-15 | 16-18 || total
---------------------------+-------+-------+-------+-------+-------+-------++-------
  Melee: War axe           |    55 |    88 |    25 |       |       |       ||   168
         Constrict         |    12 |    22 |    51 |    40 |    65 |    77 ||   267
         Tentacles         |     8 |    21 |    54 |    50 |   159 |   110 ||   402
         Flail             |       |       |    49 |       |       |       ||    49
         Morningstar       |       |       |    92 |    25 |       |       ||   117
         Punch             |       |       |     4 |     3 |     9 |     6 ||    22
         Scythe            |       |       |       |   261 |   749 |   562 ||  1572
         Unarmed           |       |       |       |       |     1 |       ||     1
  Throw: Javelin           |       |     3 |    10 |     3 |     3 |       ||    19
         Dart              |       |       |    12 |    13 |    21 |     4 ||    50
         Throwing net      |       |       |       |     6 |     2 |       ||     8
   Cast: Manifold Assault  |       |       |       |       |       |     2 ||     2
 Invoke: Potion Petition   |       |       |       |     1 |     4 |     5 ||    10
         Call Merchant     |       |       |       |       |     2 |       ||     2
  Evoke: Wand              |       |       |       |    20 |     8 |     4 ||    32
    Use: Potion            |       |     3 |     4 |     2 |    12 |     3 ||    24
         Scroll            |       |       |     8 |     2 |    10 |       ||    20
   Stab: Sleeping          |    12 |     7 |     3 |     5 |    20 |     4 ||    51
         Distracted        |       |       |     1 |     7 |    11 |    10 ||    29
         Held in net/web   |       |       |       |     4 |       |       ||     4
         Paralysed         |       |       |       |     1 |       |       ||     1
         Invisible         |       |       |       |       |    17 |       ||    17
         Petrified         |       |       |       |       |     5 |       ||     5
 Armour: Skin              |    12 |    41 |    45 |    92 |   268 |   163 ||   621
  Dodge: Dodged            |    14 |    56 |   138 |   255 |   559 |   473 ||  1495
  Block: Buckler           |    11 |    13 |   102 |    17 |       |       ||   143
         Other             |       |       |       |    47 |   104 |   102 ||   253
         Reflection        |       |       |       |     1 |     4 |     6 ||    11

Table legend: (Time is in decaauts)
 A = Elapsed time spent in this place.
 B = Non-inter-level travel time spent in this place.
 C = Inter-level travel time spent in this place.
 D = Time resting spent in this place.
 E = Time spent auto-exploring this place.
 F = Levels seen in this place.
 G = Mean time per level.
                   A        B        C        D        E       F      G
               +--------+--------+--------+--------+--------+-----+--------+
         Total |  34342 |  30942 |   3400 |   8991 |  14195 |  26 | 1320.8 |
       Dungeon |  18342 |  16220 |   2122 |   3796 |   8734 |  15 | 1222.8 |
        Temple |     50 |     33 |     17 |      0 |      0 |   1 |   50.0 |
          Lair |   9464 |   8306 |   1158 |   2304 |   3599 |   5 | 1892.8 |
         Swamp |    754 |    754 |      0 |    609 |     42 |   1 |  754.0 |
  Orcish Mines |   3773 |   3672 |    101 |   1616 |   1188 |   2 | 1886.5 |
        Bailey |    580 |    580 |      0 |    151 |    135 |   1 |  580.0 |
      Ice Cave |   1375 |   1375 |      0 |    513 |    496 |   1 | 1375.0 |
               +--------+--------+--------+--------+--------+-----+--------+

Top non-repeatable levels by time:
  Lair:3: 3178 daAuts
   Orc:1: 2695 daAuts
    D:10: 2199 daAuts
    D:14: 2011 daAuts
  Lair:1: 1868 daAuts
    D:12: 1729 daAuts
  Lair:5: 1637 daAuts
    D:11: 1524 daAuts
    D:13: 1453 daAuts
  Lair:2: 1440 daAuts
   IceCv: 1375 daAuts
  Lair:4: 1340 daAuts
     D:3: 1326 daAuts
     D:4: 1266 daAuts
    D:15: 1164 daAuts
